Map: Rohana LE

Players

Ekelpack

  • Race: Zerg Zerg
  • Spawn Location: 11:00

Nyck

  • Race: Terran Terran
  • Spawn Location: 9:00

Dïel - Winner!

  • Race: Zerg Zerg
  • League: Diamond
  • Spawn Location: 5:00

Abo - Winner!

  • Race: Zerg Zerg
  • League: Diamond
  • Spawn Location: 3:00

VOD

Have the link to the VOD?

Description

Time

  • Played on: April 15, 2025, 1:51 p.m.
  • Length: 9:15
Show
View Real Time Build Order
Export as new Build Order

Ekelpack Zerg 

Build Orders: Hatch First 

Get SALT Encoding   

  12  0:00  Drone  
  13  0:12  Overlord  
  13  0:16  Drone  
  14  0:30  Drone  
  14  0:31  Drone  
  14  0:34  Drone  
  17  0:51  Hatchery  
  17  0:53  Drone  
  17  0:56  Extractor  
  16  0:59  Drone  
  17  1:13  Spawning Pool  
  17  1:16  Drone  
  17  1:20  Drone  
  18  1:27  Drone  
  19  1:41  Drone  
  20  2:00  Queen  
  22  2:03  Queen  
  22  2:04  Drone  
  22  2:06  Drone x2  
  27  2:11  Overlord  
  27  2:16  Metabolic Boost  
  27  2:19  Drone  
  28  2:29  Drone x2  
  30  2:35  Drone  
  31  2:43  Extractor  
  30  2:47  Drone x2  
  30  2:50  Extractor  
  31  2:52  Lair  
  31  2:54  Drone x2  
  33  3:03  Drone  
  33  3:05  Overlord  
  34  3:21  Drone x2  
  34  3:26  Zergling x6  
  39  3:28  Drone x2  
  39  3:29  Drone  
  39  3:32  Extractor  
  41  3:48  Zergling x2  
  41  3:49  Zergling x4, Overlord  
  44  4:07  Spire  
  43  4:11  Drone x3  
  43  4:12  Zergling x6  
  49  4:25  Overlord  
  49  4:26  Zergling x6  
  51  4:38  Zergling x2  
  51  4:40  Spine Crawler  
  51  4:41  Overlord  
  51  4:46  Zergling x2  
  51  4:47  Zergling x6  
  55  4:56  Queen  
  39  5:15  Zergling x2  
  39  5:16  Zergling x14  
  47  5:26  Mutalisk x4  
  37  5:44  Mutalisk x4  
  37  5:45  Mutalisk  
  44  5:55  Mutalisk  
  45  6:02  Mutalisk  
  45  6:03  Mutalisk  
  42  6:26  Drone x3  
  42  6:27  Overseer  
  45  6:38  Drone x2  
  45  6:39  Drone  
  43  7:00  Zerg Flyer Weapons Level 1  
  43  7:05  Queen  
  45  7:12  Mutalisk  
  45  7:13  Mutalisk x2  
  51  7:19  Hatchery  
  48  7:35  Drone  
  49  8:07  Infestation Pit  
  44  8:22  Drone x3  
  44  8:23  Drone x3  
Show
View Real Time Build Order
Export as new Build Order

Nyck Terran 

Build Orders:  

Get SALT Encoding   

  12  0:00  SCV  
  13  0:12  SCV  
  14  0:17  Supply Depot  
  14  0:25  SCV  
  15  0:39  SCV  
  15  0:41  Barracks  
  16  0:51  SCV  
  16  0:55  Refinery  
  17  1:06  SCV  
  18  1:18  SCV  
  19  1:31  SCV  
  20  1:40  Barracks  
  20  1:49  Marine  
  20  1:51  Command Center  
  21  2:01  Orbital Command, Supply Depot  
  21  2:27  Reaper  
  22  2:50  Supply Depot, SCV  
  23  2:54  Barracks Tech Lab  
  23  2:59  Barracks Reactor  
  23  3:07  Orbital Command, SCV  
  24  3:17  Barracks  
  24  3:18  Supply Depot  
  24  3:22  SCV  
  25  3:34  SCV  
  26  3:52  SCV x2  
  27  4:01  Supply Depot  
  27  4:05  Factory  
  27  4:06  SCV x2  
  29  4:10  Refinery  
  29  4:12  Refinery  
  29  4:17  Refinery  
  29  4:18  SCV x2, Barracks Reactor  
  31  4:26  Combat Shield  
  32  4:31  SCV x2  
  33  4:42  Marine x2, Marauder  
  37  4:52  Widow Mine  
  37  5:05  Marine x4  
  37  5:06  Marauder  
  25  5:38  Marine x2  
  25  5:39  Marauder  
  25  5:41  Marine  
  29  5:47  Marine  
  29  6:01  Marauder  
  26  6:05  Marine x2  
    6:44  Orbital Command  
    7:12  SCV  
  1  7:24  SCV  
  2  7:36  SCV  
  3  7:48  SCV  
  4  7:53  Hellion  
  6  8:00  SCV  
  7  8:15  Command Center  
  7  8:23  Hellion  
  9  8:29  Marine  
  9  8:30  Marine  
  11  8:38  Command Center  
Show
View Real Time Build Order
Export as new Build Order

Dïel Zerg - Winner!

Build Orders: Hatch First 

Get SALT Encoding   

  12  0:02  Drone  
  13  0:14  Overlord  
  13  0:18  Drone  
  14  0:37  Drone  
  14  0:42  Drone x2  
  17  0:54  Hatchery  
  16  0:58  Drone  
  16  1:02  Drone  
  18  1:07  Extractor  
  17  1:19  Spawning Pool  
  17  1:22  Drone  
  17  1:28  Drone  
  18  1:39  Drone  
  19  1:46  Drone  
  20  1:56  Overlord  
  20  2:07  Queen x2  
  24  2:13  Metabolic Boost  
  24  2:20  Drone  
  24  2:21  Drone  
  26  2:24  Zergling x2  
  26  2:27  Zergling x2  
  28  2:33  Drone  
  28  2:34  Drone  
  30  2:39  Drone  
  30  2:40  Drone  
  32  2:53  Drone x2  
  32  2:57  Roach Warren  
  32  2:58  Extractor  
  32  2:59  Drone  
  32  3:01  Drone  
  34  3:09  Drone  
  35  3:25  Overlord  
  35  3:28  Overlord  
  34  3:53  Roach x6  
  34  3:54  Roach x2  
  50  4:00  Overlord  
  50  4:03  Overlord  
  50  4:04  Overlord x2  
  50  4:17  Overlord x2  
  50  4:19  Roach  
  50  4:21  Roach  
  54  4:30  Roach x4  
  62  4:47  Roach x3  
  62  4:48  Roach  
  62  4:51  Roach  
  62  4:52  Roach  
  74  5:02  Roach x2  
  78  5:12  Roach  
  78  5:13  Roach x3  
  86  5:29  Roach  
  86  5:30  Roach x2  
  86  5:32  Overlord x2  
  80  5:55  Spore Crawler  
  79  5:58  Spore Crawler  
  79  5:59  Spore Crawler x2  
  79  6:01  Spore Crawler x2  
  74  6:34  Lair  
  74  6:37  Drone x7  
  81  6:59  Spore Crawler  
  80  7:04  Spore Crawler  
  80  7:05  Drone x2  
  80  7:06  Drone x5  
  84  7:17  Extractor  
  84  7:21  Drone x3  
  78  7:47  Drone x6  
  78  7:49  Hydralisk Den, Drone  
  78  7:50  Drone x2  
  86  7:56  Evolution Chamber  
  86  7:57  Evolution Chamber  
  84  8:17  Roach  
  84  8:18  Roach x7  
  100  8:30  Hatchery, Overlord x2  
  100  8:31  Overlord x3  
Show
View Real Time Build Order
Export as new Build Order

Abo Zerg - Winner!

Build Orders: Hatch First 

Get SALT Encoding   

  12  0:01  Drone  
  13  0:13  Drone  
  14  0:23  Overlord  
  14  0:42  Drone x3  
  17  0:56  Drone  
  18  1:02  Hatchery  
  17  1:09  Spawning Pool  
  16  1:13  Drone  
  17  1:18  Extractor  
  17  1:20  Drone  
  17  1:33  Drone  
  17  1:38  Drone  
  19  1:48  Drone  
  20  2:02  Roach Warren  
  20  2:04  Queen  
  20  2:06  Overlord  
  21  2:13  Drone  
  22  2:17  Extractor  
  22  2:21  Drone  
  22  2:23  Queen  
  22  2:28  Drone x2  
  26  2:44  Drone x2  
  26  2:45  Drone  
  29  2:56  Lair  
  29  3:00  Drone x3  
  32  3:10  Roach x2  
  36  3:20  Overlord x2  
  36  3:27  Extractor  
  35  3:37  Overlord x2  
  35  3:48  Roach  
  35  3:49  Roach x6  
  49  3:55  Glial Reconstitution  
  49  4:01  Burrow  
  49  4:10  Drone  
  49  4:11  Drone x4  
  54  4:19  Overlord  
  54  4:21  Roach  
  56  4:28  Roach  
  58  4:42  Drone x2  
  58  4:43  Roach  
  58  4:44  Roach x2  
  66  5:05  Roach  
  64  5:10  Ravager  
  65  5:15  Roach x3  
  65  5:16  Overlord  
  65  5:17  Overlord  
  71  5:26  Roach x2  
  71  5:27  Overlord x2  
  71  5:28  Overlord  
  75  5:32  Tunneling Claws  
  70  5:58  Spore Crawler x2  
  70  6:00  Spore Crawler  
  70  6:01  Spore Crawler x2, Drone  
  70  6:02  Drone x5  
  65  6:08  Hydralisk Den  
  58  6:20  Roach x7  
  52  6:28  Overlord x2, Roach x4  
  52  6:33  Drone x3  
  55  6:40  Extractor  
  48  6:50  Hydralisk  
  48  6:51  Hydralisk x4  
  50  7:03  Muscular Augments  
  50  7:04  Hydralisk x4  
  58  7:11  Drone  
  58  7:12  Spore Crawler  
  58  7:18  Spore Crawler, Drone x2  
  59  7:28  Hydralisk  
  59  7:29  Hydralisk x2  
  65  7:47  Overlord  
  65  7:48  Hydralisk x3  
  71  7:54  Evolution Chamber  
  71  7:55  Evolution Chamber  
  69  8:01  Hydralisk x2  
  73  8:07  Grooved Spines  
  73  8:13  Hydralisk x3  
  73  8:19  Drone  
  81  8:20  Drone  
  81  8:35  Hydralisk x2  
  81  8:37  Hatchery  
Tags
 
Add a new tag
Caveats
  • Supply blocks, unpowered buildings, or Contaminate may cause inaccurate times.
  • Supply counts are checked every 10 seconds.